Map: Ever Dream LE

Players

LiquidTLO (TLO)

  • Race: Zerg Zerg
  • League: Master
  • Spawn Location: 1:00

Scarlett - Winner!

  • Race: Zerg Zerg
  • Spawn Location: 7:00

Event: DreamHack SC2 Masters 2020 Summer North America

VOD

Have the link to the VOD?

Description

Time

  • Played on: July 5, 2020, 2:39 p.m.
  • Length: 15:34

All games in this series

Show
View Real Time Build Order
Export as new Build Order

LiquidTLO Zerg 

Build Orders: Hatch First, Lurkers 

Get SALT Encoding   

  12  0:00  Drone  
  13  0:12  Overlord  
  13  0:16  Drone  
  14  0:31  Drone x2  
  16  0:47  Hatchery  
  15  0:51  Drone  
  15  0:55  Drone  
  17  1:09  Spawning Pool  
  16  1:12  Drone  
  16  1:14  Extractor  
  17  1:18  Drone  
  17  1:22  Drone  
  18  1:35  Drone  
  19  1:42  Drone  
  20  1:50  Overlord  
  20  1:56  Queen  
  20  1:59  Queen  
  24  2:03  Drone x2  
  26  2:11  Drone x2  
  26  2:14  Metabolic Boost  
  28  2:21  Drone  
  28  2:22  Drone  
  30  2:32  Drone x2  
  32  2:40  Hatchery  
  31  2:44  Overlord  
  31  2:50  Zergling x2  
  32  2:54  Zergling x2  
  32  2:56  Baneling Nest, Zergling x2  
  33  3:06  Drone  
  33  3:08  Overlord  
  33  3:10  Drone  
  33  3:11  Zergling x4  
  33  3:12  Zergling x2  
  38  3:15  Zergling x4  
  38  3:19  Zergling x2  
  41  3:23  Zergling x2  
  42  3:29  Zergling x2  
  43  3:35  Zergling x2  
  43  3:45  Zergling x2  
  43  3:47  Overlord  
  42  3:50  Baneling x3  
  42  3:53  Zergling x2  
  42  3:55  Overlord, Zergling x2  
  43  3:58  Roach Warren, Extractor, Zergling x2  
  43  4:01  Zergling x4  
  45  4:03  Zergling x2  
  45  4:07  Baneling  
  45  4:08  Baneling  
  46  4:11  Zergling x2  
  46  4:14  Zergling x2  
  46  4:15  Zergling x2  
  46  4:16  Zergling x2  
  50  4:17  Zergling x2  
  50  4:26  Drone x2  
  50  4:27  Drone  
  50  4:28  Drone  
  50  4:29  Drone, Zergling x2  
  50  4:36  Zergling x2  
  53  4:38  Roach  
  53  4:39  Roach  
  53  4:40  Roach  
  55  4:46  Overlord  
  55  4:50  Roach  
  57  4:55  Overlord  
  57  4:58  Overlord  
  57  5:01  Baneling x2  
  57  5:04  Roach  
  58  5:07  Roach  
  58  5:09  Roach  
  58  5:12  Baneling x2  
  61  5:16  Roach  
  61  5:19  Baneling  
  61  5:21  Baneling x5  
  63  5:23  Zergling x2  
  63  5:25  Zergling x2  
  63  5:27  Zergling x2  
  65  5:32  Roach  
  67  5:36  Roach  
  67  5:37  Baneling  
  67  5:41  Roach  
  68  5:45  Roach  
  68  5:48  Roach  
  68  5:49  Zergling x2  
  64  5:50  Zergling x2  
  64  5:52  Zergling x2  
  64  5:53  Zergling x2  
  64  5:55  Roach  
  64  5:56  Drone  
  64  5:57  Drone  
  68  6:01  Drone  
  68  6:03  Drone  
  69  6:04  Drone  
  69  6:06  Drone  
  69  6:09  Drone  
  69  6:10  Drone  
  71  6:12  Ravager  
  71  6:17  Drone  
  71  6:18  Drone x3  
  71  6:26  Drone x2  
  71  6:27  Drone  
  71  6:28  Drone  
  71  6:29  Drone  
  71  6:30  Drone  
  71  6:32  Drone  
  74  6:39  Lair  
  74  6:42  Roach  
  74  6:43  Roach  
  74  6:46  Roach  
  72  6:48  Roach  
  72  6:50  Roach  
  70  6:55  Roach, Extractor  
  70  6:56  Extractor  
  70  6:57  Roach  
  70  6:58  Roach  
  72  7:03  Drone  
  72  7:05  Roach x2  
  72  7:06  Evolution Chamber  
  72  7:07  Roach  
  78  7:11  Drone x2  
  78  7:12  Drone  
  78  7:13  Zergling x2  
  82  7:17  Overlord  
  82  7:19  Overlord  
  82  7:22  Overlord  
  82  7:26  Overlord  
  82  7:27  Overlord  
  82  7:32  Overlord  
  82  7:36  Drone x2, Zergling x2  
  83  7:37  Drone  
  83  7:38  Drone x2  
  83  7:40  Glial Reconstitution  
  84  7:45  Drone  
  84  7:47  Drone  
  84  7:49  Zerg Missile Weapons Level 1  
  83  7:53  Extractor x2  
  83  7:55  Drone  
  83  7:56  Hydralisk Den, Drone x2  
  83  7:58  Drone x2  
  85  8:00  Drone x2  
  85  8:02  Roach  
  85  8:04  Roach  
  91  8:10  Roach  
  91  8:12  Roach  
  95  8:17  Roach  
  95  8:18  Overlord  
  101  8:20  Roach x2  
  101  8:21  Roach  
  101  8:24  Roach  
  101  8:25  Roach  
  101  8:26  Overseer  
  107  8:29  Grooved Spines  
  107  8:34  Hydralisk x2  
  107  8:36  Drone  
  107  8:39  Hydralisk x2  
  107  8:40  Hydralisk  
  118  8:43  Hydralisk  
  118  8:45  Overlord  
  118  8:47  Roach  
  118  8:48  Roach  
  123  8:50  Roach  
  123  8:51  Roach  
  127  8:55  Overlord  
  127  8:58  Roach  
  127  9:01  Drone  
  130  9:04  Pneumatized Carapace  
  130  9:05  Roach x2  
  130  9:06  Roach  
  130  9:07  Ravager  
  130  9:08  Roach, Ravager  
  130  9:09  Roach  
  142  9:14  Overlord  
  142  9:19  Overlord  
  142  9:21  Overlord  
  142  9:22  Roach x2  
  146  9:25  Overlord  
  146  9:30  Roach  
  146  9:31  Roach  
  150  9:34  Roach  
  150  9:37  Overseer  
  152  9:39  Roach  
  152  9:41  Muscular Augments  
  154  9:46  Hatchery  
  154  9:47  Zerg Missile Weapons Level 2  
  154  9:48  Overlord  
  154  9:49  Roach  
  154  9:50  Evolution Chamber, Roach  
  154  9:52  Roach  
  158  9:54  Overlord  
  158  9:57  Roach  
  158  9:58  Roach  
  162  10:00  Roach  
  162  10:06  Lurker Den  
  163  10:08  Roach x2, Infestation Pit  
  163  10:11  Hydralisk  
  163  10:14  Drone  
  169  10:15  Spore Crawler  
  169  10:16  Drone  
  169  10:17  Hydralisk  
  169  10:20  Drone  
  172  10:23  Spore Crawler  
  172  10:24  Hydralisk  
  172  10:25  Zergling x2  
  172  10:27  Hydralisk  
  176  10:30  Hydralisk  
  176  10:32  Drone  
  179  10:37  Drone x2  
  179  10:38  Drone x2  
  182  10:45  Hive, Overlord  
  182  10:49  Spore Crawler  
  181  10:53  Overlord, Spore Crawler  
  180  11:00  Baneling x2  
  180  11:02  Hydralisk  
  182  11:04  Lurker x2  
  182  11:05  Lurker  
  182  11:07  Hydralisk x2  
  182  11:08  Spore Crawler  
  182  11:10  Hydralisk  
  182  11:11  Hydralisk x2  
  190  11:14  Drone  
  195  11:21  Overlord  
  195  11:22  Overlord  
  195  11:24  Unknown  
  195  11:25  Spore Crawler  
  193  11:26  Zerg Ground Armor Level 1  
  193  11:27  Spore Crawler  
  192  11:33  Overlord  
  192  11:37  Overlord  
  192  11:39  Overlord  
  192  11:41  Hydralisk x2  
  192  11:42  Hydralisk  
  192  11:45  Lurker  
  192  11:46  Lurker  
  188  11:47  Roach  
  188  11:51  Overlord  
  190  11:56  Lurker  
  190  11:57  Lurker  
  192  12:01  Adaptive Talons  
  192  12:02  Overlord  
  192  12:04  Hydralisk, Spine Crawler  
  192  12:07  Drone  
  192  12:11  Hydralisk x2  
  192  12:13  Drone  
  192  12:14  Drone  
  198  12:17  Roach  
  198  12:20  Roach  
  198  12:21  Hydralisk  
  197  12:28  Roach  
  197  12:29  Hydralisk, Roach  
  194  12:31  Roach  
  194  12:36  Roach  
  194  12:37  Roach  
  197  12:39  Roach  
  197  12:41  Roach  
  197  12:42  Roach  
  193  12:45  Roach  
  193  12:48  Roach  
  193  12:49  Roach  
  193  12:54  Hydralisk  
  195  13:00  Seismic Spines  
  195  13:01  Hydralisk  
  190  13:05  Roach  
  190  13:11  Roach x2  
  190  13:12  Roach  
  196  13:16  Roach  
  196  13:17  Roach  
  187  13:23  Roach  
  187  13:25  Roach  
  179  13:29  Roach  
  165  13:37  Hydralisk, Roach  
  163  13:41  Lurker x2  
  163  13:47  Hydralisk  
  153  13:49  Roach  
  145  13:58  Roach  
  145  13:59  Roach  
  121  14:05  Lurker x2  
  121  14:08  Roach  
  115  14:10  Roach  
  105  14:19  Roach  
  105  14:21  Roach  
  89  14:31  Hatchery  
  89  14:35  Roach  
  90  14:39  Lurker  
  90  14:41  Lurker  
  92  14:47  Roach  
  94  14:54  Hydralisk  
  94  14:59  Hydralisk  
  98  15:08  Roach x2  
  98  15:12  Roach  
Show
View Real Time Build Order
Export as new Build Order

Scarlett Zerg - Winner!

Build Orders: Hatch First, Muta Ling Bane 

Get SALT Encoding   

  12  0:01  Drone  
  13  0:13  Overlord  
  13  0:17  Drone  
  14  0:31  Drone x2  
  16  0:47  Hatchery  
  15  0:51  Drone  
  15  0:54  Drone  
  17  0:58  Drone  
  18  1:09  Extractor  
  17  1:13  Spawning Pool  
  17  1:16  Drone  
  17  1:20  Drone  
  18  1:28  Drone  
  19  1:39  Drone  
  20  1:50  Drone  
  21  2:00  Queen x2  
  25  2:02  Drone  
  25  2:03  Overlord  
  26  2:09  Metabolic Boost  
  26  2:11  Drone  
  26  2:12  Drone  
  28  2:23  Zergling x4  
  30  2:34  Hatchery  
  29  2:42  Overlord  
  29  2:47  Zergling x6  
  32  2:56  Baneling Nest  
  31  3:00  Overlord  
  31  3:01  Zergling x2  
  32  3:08  Zergling x4  
  32  3:12  Zergling x4  
  36  3:23  Zergling x10  
  41  3:38  Overlord, Zergling x2  
  42  3:41  Queen  
  39  3:54  Queen  
  40  3:56  Baneling x6  
  40  3:58  Drone x3  
  43  4:08  Drone x4  
  42  4:27  Drone  
  42  4:28  Drone x6  
  45  4:40  Zergling x2  
  45  4:41  Drone x5  
  48  4:49  Zergling x4  
  48  4:51  Queen  
  52  5:03  Roach Warren, Drone x4  
  55  5:15  Overlord  
  55  5:17  Zergling x2  
  55  5:18  Zergling x4, Spine Crawler  
  55  5:19  Baneling x3, Spine Crawler  
  56  5:24  Zergling x2  
  57  5:30  Extractor  
  57  5:31  Extractor  
  57  5:33  Zergling x10  
  58  5:37  Zergling x8  
  58  5:38  Baneling  
  60  5:44  Baneling x2  
  60  5:48  Roach  
  60  5:49  Roach x2  
  60  5:51  Zergling x4  
  57  5:57  Roach  
  57  6:02  Roach  
  59  6:11  Roach, Zergling x12  
  61  6:29  Queen  
  58  6:34  Overlord  
  58  6:35  Overlord  
  56  6:41  Roach x2  
  56  6:46  Queen  
  56  6:53  Evolution Chamber, Drone x6  
  57  6:55  Lair  
  53  7:07  Zergling x2  
  53  7:08  Zergling x10  
  59  7:21  Zerg Missile Weapons Level 1  
  59  7:27  Roach x5  
  69  7:33  Roach  
  69  7:39  Roach x2  
  73  7:47  Overlord x2  
  72  7:54  Glial Reconstitution  
  72  7:56  Overseer  
  72  8:01  Spire  
  72  8:02  Overlord x3  
  72  8:05  Extractor  
  70  8:06  Drone x3  
  73  8:14  Drone x5  
  76  8:21  Roach x2  
  76  8:25  Drone  
  76  8:26  Drone x2  
  83  8:30  Drone x3  
  86  8:34  Drone  
  86  8:37  Drone x3  
  86  8:39  Extractor  
  86  8:40  Drone, Extractor  
  86  8:41  Drone  
  90  8:44  Drone  
  91  8:51  Overlord x2  
  91  8:53  Drone x2  
  93  8:58  Centrifical Hooks  
  93  9:04  Drone x2  
  93  9:09  Overlord x3  
  95  9:18  Roach  
  95  9:19  Roach x3, Zergling x2  
  104  9:27  Mutalisk x3  
  110  9:38  Mutalisk x4  
  110  9:42  Zergling x8  
  122  9:46  Zergling x2  
  122  9:47  Zergling x4  
  125  9:53  Overlord x2  
  125  9:56  Baneling x4  
  125  9:59  Zergling x10  
  130  10:01  Overlord  
  130  10:05  Overlord  
  130  10:13  Baneling x14  
  130  10:17  Zerg Missile Weapons Level 2  
  130  10:38  Hatchery  
  129  10:43  Overlord  
  129  10:44  Overlord x2  
  129  10:45  Overlord x2  
  129  10:46  Overlord  
  131  10:50  Roach x5  
  139  10:59  Roach  
  139  11:00  Roach x5  
  151  11:16  Roach x8  
  167  11:24  Roach  
  167  11:25  Roach x4  
  177  11:27  Overseer  
  177  11:29  Baneling x2  
  177  11:30  Baneling x4  
  177  11:33  Baneling x4  
  173  11:51  Ravager x11  
  184  12:01  Zergling x32  
  197  12:34  Infestation Pit  
  197  12:35  Drone x4  
  190  12:49  Roach x5  
  191  13:18  Roach  
  191  13:19  Roach x6  
  198  13:23  Overseer x2  
  198  13:24  Overseer  
  169  13:32  Roach x9  
  169  13:33  Roach x9  
  167  13:43  Roach x4  
  157  13:51  Roach x2  
  132  13:59  Roach x3  
  132  14:00  Queen x4  
  132  14:02  Roach x3  
  137  14:05  Ravager  
  137  14:06  Ravager x2  
  138  14:13  Roach x5  
  125  14:20  Roach x2  
  114  14:24  Roach x5  
  122  14:33  Ravager  
  123  14:42  Pneumatized Carapace  
  123  14:45  Ravager x7  
  130  14:48  Extractor  
  130  14:50  Extractor  
  128  14:54  Roach x5  
  138  15:09  Roach x7  
Tags
 
Add a new tag
Caveats
  • Supply blocks, unpowered buildings, or Contaminate may cause inaccurate times.
  • Supply counts are checked every 10 seconds.